 Dungeon Crawl Stone Soup version 0.31-a0-174-g85c54bcb58 (webtiles) character file.

Game seed: 17292118156765798713

6338 qw the Blocker (level 10, -6/60 HPs)
             Began as a Gargoyle Fighter on June 15, 2023.
             Was a Believer of Okawaru.
             Killed by divine providence
             ... invoked by an orc priest
              (13 damage)
             ... on level 9 of the Dungeon.
             The game lasted 00:03:01 (6418 turns).

qw the Blocker (Gargoyle Fighter)                   Turns: 6418, Time: 00:03:01

Health: -6/60      AC: 31    Str: 24    XL:     10   Next: 96%
Magic:  11/13      EV:  9    Int:  9    God:    Okawaru [**....]
Gold:   382        SH:  8    Dex:  9    Spells: 9/9 levels left

rFire   . . .        l - +2 war axe (heavy)
rCold   . . .        c - +0 buckler
rNeg    + . .        a - +0 plate armour
rPois   inf          e - +2 helmet {SInv}
rElec   +            t - +1 cloak
rCorr   .            o - +0 pair of gloves of the Goldsmith {Rampage Regen+}
SInv    +            f - +0 pair of boots
Will    .....        (no amulet) Stlth
                     (no ring)
HPRegen 1.10/turn    (no ring)
MPRegen 0.13/turn

%: rampage
@: about to teleport, heroic
A: sickness immunity, AC +7, negative energy resistance 1, electricity
resistance, torment resistance 1, petrification resistance
a: Renounce Religion, Heroism


You were on level 9 of the Dungeon.
You worshipped Okawaru.
Okawaru was pleased with you.
You visited 2 branches of the dungeon, and saw 10 of its levels.

You collected 568 gold pieces.
You spent 186 gold pieces at shops.


Innate Abilities, Weirdness & Mutations

You are immune to sickness and miasma.
Your stone body is resilient. (AC +7)
You are immune to poison.
You resist negative energy. (rN+)
You are resistant to electric shocks. (rElec)
You are resistant to unholy torment.
You are immune to petrification.


   Skills:
 + Level 6.2(11.2) Fighting
 - Level 9.1(14.1) Axes
 - Level 3.1(8.1) Throwing
 - Level 6.9(11.9) Armour
 - Level 1.7(6.7) Dodging
 - Level 11.9(16.9) Shields
 - Level 4.1 Invocations


You had 9 spell levels left.
You didn't know any spells.
Your spell library was empty.

Inventory:

Hand Weapons
 l - a +2 heavy war axe (weapon)
 r - a +0 flail
 u - a +1 mace of holy wrath
Missiles
 b - 6 boomerangs (quivered)
Armour
 a - a +0 plate armour (worn)
 c - a +0 buckler (worn)
 e - a +2 helmet of see invisible (worn)
 f - a +0 pair of boots (worn)
 o - the +0 pair of gloves of the Goldsmith (worn) {Rampage Regen+}
   (You found it on level 3 of the Dungeon)

   Regen:     It increases your rate of health regeneration.
   Rampage:   It bestows one free step when moving towards enemies.
 t - a +1 cloak (worn)
Jewellery
 h - a ring of ice
Scrolls
 k - 2 scrolls of identify
 n - 2 scrolls of teleportation
Potions
 d - 3 potions of might
 i - a potion of mutation
 j - a potion of curing
 m - a potion of haste

Dungeon Overview and Level Annotations

Branches:
Dungeon (10/15)            Temple (1/1) D:4
   Lair: D:8-11         Orc: D:9-12

Altars:
Ashenzari
Cheibriados
Dithmenos
Elyvilon
Fedhas
Gozag
Hepliaklqana
Kikubaaqudgha
Makhleb
Nemelex Xobeh
Okawaru
Qazlal
Ru
Sif Muna
Trog
Uskayaw
Vehumet
Wu Jian
Xom
Yredelemnul
Zin
The Shining One

Shops:
D:1 :   D:5 *

Annotations:
D:6 exclusion: 3 electric eels


Message History

The yak gores you but does no damage.
You hit the yak.
You kill the yak!
Okawaru accepts your kill.
You slash the yak!
A yak comes into view.
The yak gores you but does no damage.
You barely miss the yak.
The yak is moderately wounded.
The yak bellows!
You hear a shout!
The yak gores you.
A yak comes into view.
The yak gores you but does no damage. x2
You closely miss the yak.
The yak is moderately wounded.
You slash the yak! The yak gores you but does no damage.
You slice the yak!!
The yak is almost dead.
You hit the yak.
The yak gores you but does no damage. x2
An orc priest comes into view. It is wielding a +0 war axe.
The yak gores you but does no damage. x2; The yak gores you!
6416 ||| INVOKING Heroism.
You gain the combat prowess of a mighty hero.
The yak gores you! You block the yak's attack. The yak gores you.
The orc priest mumbles some strange prayers to Beogh against you.
Beogh smites you!
6417 ||| READING 3 scrolls of teleportation.
As you read the scroll of teleportation, it crumbles to dust.
You feel strangely unstable. The yak barely misses you. The yak gores you!
The yak barely misses you.
You chop the yak into pieces!!!
You kill the yak!
Okawaru accepts your kill.
You slash the yak! You hit the yak but do no damage.
The yak gores you but does no damage.
The orc priest calls down the wrath of Beogh upon you.
Beogh smites you!
You die...

#.....######....#
##....%%# #.####
#...###.## ..#
...#......###.##
.# ####.......##
####.....####
##........
###..##.....
#@Y.## ....
#.<(YY### ##.
###.o.# ...#.#
.>####.. # ###


You could see 3 yaks and an orc priest.

Vanquished Creatures
  A cyclops (D:9)
  A troll (D:10)
  5 yaks (D:9)
  Eustachio (D:6)
  Duvessa (D:4)
  2 ice beasts
  A sky beast (D:6)
  2 black bears
  An ogre (D:6)
  A centaur (D:5)
  A phantom (D:4)
  2 kobold brigands
  A bullfrog (D:9)
  3 scorpions
  Dowan (D:4)
  6 killer bees (D:10)
  3 hounds (D:5)
  A jelly (D:6)
  4 iguanas
  2 orc wizards
  4 gnolls (D:6)
  7 adders
  An ufetubus (D:7)
  4 worms
  3 dart slugs
  4 orcs
  3 bats (D:2)
  7 endoplasms
  A giant cockroach (D:1)
  7 goblins
  6 hobgoblins
  A jackal (D:4)
  3 quokkas
  5 ball pythons
  2 frilled lizards (D:1)
  12 kobolds
  7 rats
117 creatures vanquished.

Notes
Turn   | Place    | Note
-------+----------+-------------------------------------------
     0 | D:1      | qw the Gargoyle Fighter began the quest for the Orb.
     0 | D:1      | Reached XP level 1. HP: 14/14 MP: 1/1
     0 | D:1      | 0 ||| qw: Version: 0.2-a-29-g511e9b1
     0 | D:1      | 0 ||| qw: Game counter: 5536
     0 | D:1      | 0 ||| qw: Always use a shield: true
     0 | D:1      | 0 ||| qw: God list: Okawaru
     0 | D:1      | 0 ||| qw: Allow faded altars: false
     0 | D:1      | 0 ||| qw: Do Orc after D:15 true
     0 | D:1      | 0 ||| qw: Do second Lair branch before Depths: true
     0 | D:1      | 0 ||| qw: Lair rune preference: random
     0 | D:1      | 0 ||| qw: Plans: Normal, Zot:1-4, Slime:5, God:TSO, Crypt,
                  | Tomb, Abyss, Pan, Hells, Win
     0 | D:1      | 0 ||| PLANNING D:1-11
    18 | D:1      | 18 ||| Stepping ~*~*~tactically~*~*~ (stealth).
    49 | D:1      | 49 ||| Stepping ~*~*~tactically~*~*~ (stealth).
   115 | D:1      | Reached XP level 2. HP: 19/19 MP: 2/2
   274 | D:1      | Found Wupe's Book Shop.
   376 | D:1      | 376 ||| DROPPING +0 whip.
   402 | D:1      | Reached skill level 3 in Axes
   436 | D:1      | Reached XP level 3. HP: 23/23 MP: 3/3
   831 | D:1      | 831 ||| UPGRADING to +0 pair of boots.
  1065 | D:2      | 1065 ||| Stepping ~*~*~tactically~*~*~ (stealth).
  1308 | D:2      | 1308 ||| Stepping ~*~*~tactically~*~*~ (stealth).
  1922 | D:2      | 1922 ||| UPGRADING to +0 pair of gloves.
  1927 | D:2      | 1927 ||| READING scroll labelled DUSIR UCREID.
  1928 | D:2      | 1928 ||| READING scroll labelled URRULA AKHLIH.
  1929 | D:2      | 1929 ||| READING scroll labelled YSTRYUR ETEA.
  1954 | D:3      | Found a faded altar of an unknown god.
  2004 | D:3      | Reached XP level 4. HP: 26/28 MP: 4/4
  2077 | D:3      | 2077 ||| READING scroll labelled WUEF PURAIGH.
  2187 | D:3      | Found a stormy altar of Qazlal.
  2276 | D:3      | Found a hazy altar of Hepliaklqana.
  2360 | D:3      | Identified the +0 pair of gloves of the Goldsmith {Rampage
                  | Regen+}
  2493 | D:3      | Found a sparkling altar of Nemelex Xobeh.
  2578 | D:3      | 2578 ||| UPGRADING to +0 pair of gloves of the Goldsmith
                  | {Rampage Regen+}.
  2588 | D:3      | 2588 ||| DROPPING +0 pair of gloves.
  2589 | D:3      | 2589 ||| READING scroll labelled NELUAPSU AFU.
  2590 | D:3      | 2590 ||| READING scroll labelled RUPNOMU WAWAIRCH.
  2591 | D:3      | 2591 ||| READING 2 scrolls of identify.
  2591 | D:3      | 2591 ||| IDENTIFYING silvery potion
  2592 | D:3      | 2592 ||| DROPPING potion of degeneration.
  2629 | D:4      | Noticed Duvessa
  2629 | D:4      | Noticed Dowan
  2630 | D:4      | 2630 ||| Stepping ~*~*~tactically~*~*~ (stealth).
  2644 | D:4      | Killed Duvessa
  2645 | D:4      | Reached skill level 3 in Throwing
  2645 | D:4      | Reached XP level 5. HP: 14/32 MP: 5/5
  2648 | D:4      | Killed Dowan
  2649 | D:4      | Reached XP level 6. HP: 17/37 MP: 6/6
  2686 | D:4      | 2686 ||| Stepping ~*~*~tactically~*~*~ (hiding).
  2825 | D:4      | Found a staircase to the Ecumenical Temple.
  2826 | D:4      | 2826 ||| PLANNING TEMPLE
  2834 | Temple   | Entered the Ecumenical Temple
  2843 | Temple   | 2843 ||| PLANNING OKAWARU WORSHIP
  3152 | Temple   | Became a worshipper of Warmaster Okawaru
  3153 | Temple   | 3153 ||| PLANNING D:1-11
  3259 | D:4      | 3259 ||| Stepping ~*~*~tactically~*~*~ (stealth).
  3264 | D:4      | 3264 ||| Stepping ~*~*~tactically~*~*~ (stealth).
  3520 | D:4      | Identified the +6 leather armour of Absence {Drain Fly
                  | Int+5 SInv}
  3585 | D:4      | Reached * piety under Okawaru
  3586 | D:4      | Reached skill level 1 in Dodging
  3586 | D:4      | Reached XP level 7. HP: 43/43 MP: 7/7
  3660 | D:4      | 3660 ||| UPGRADING to +6 leather armour of Absence {Drain
                  | Fly Int+5 SInv}.
  3670 | D:4      | 3670 ||| DROPPING +0 scale mail.
  3671 | D:4      | 3671 ||| READING scroll labelled MAUSUFF RITTUWN.
  3672 | D:4      | 3672 ||| READING 2 scrolls labelled UZXAMM WOAWNI.
  3673 | D:4      | 3673 ||| READING 2 scrolls of identify.
  3673 | D:4      | 3673 ||| IDENTIFYING metallic grey potion
  3674 | D:4      | 3674 ||| DROPPING scroll of immolation.
  3692 | D:5      | Entered Level 5 of the Dungeon
  3754 | D:5      | 3754 ||| INVOKING Heroism.
  3765 | D:5      | Reached skill level 1 in Invocations
  3854 | D:5      | 3854 ||| Stepping ~*~*~tactically~*~*~ (hiding).
  3856 | D:5      | 3856 ||| Stepping ~*~*~tactically~*~*~ (hiding).
  3857 | D:5      | 3857 ||| Stepping ~*~*~tactically~*~*~ (hiding).
  3931 | D:5      | Reached skill level 3 in Invocations
  3964 | D:5      | 3964 ||| DROPPING +0 mace.
  3973 | D:5      | 3973 ||| Stepping ~*~*~tactically~*~*~ (hiding).
  3988 | D:5      | Reached XP level 8. HP: 48/48 MP: 10/10
  4031 | D:5      | Reached ** piety under Okawaru
  4032 | D:5      | Reached skill level 6 in Axes
  4192 | D:5      | Found a shimmering blue altar of Sif Muna.
  4221 | D:5      | Found Leriub's General Store.
  4231 | D:5      | 4231 ||| BUYING +1 cloak (138 gold).
  4231 | D:5      | Bought a +1 cloak for 138 gold pieces
  4231 | D:5      | 4231 ||| SHOPLISTING amulet of faith (480 gold, have 280).
  4231 | D:5      | 4231 ||| BUYING scroll of identify (24 gold).
  4231 | D:5      | Bought a scroll of identify for 24 gold pieces
  4231 | D:5      | 4231 ||| BUYING scroll of identify (24 gold).
  4231 | D:5      | Bought a scroll of identify for 24 gold pieces
  4408 | D:5      | Found a bloodstained altar of Trog.
  4415 | D:5      | Found a shimmering altar of Xom.
  4415 | D:5      | Found a radiant altar of Vehumet.
  4416 | D:5      | Found an ancient bone altar of Kikubaaqudgha.
  4416 | D:5      | Found a hide-covered altar of Uskayaw.
  4611 | D:5      | 4611 ||| DROPPING scarf of harm.
  4612 | D:5      | 4612 ||| UPGRADING to +2 helmet of see invisible.
  4617 | D:5      | 4617 ||| UPGRADING to +0 plate armour.
  4627 | D:5      | 4627 ||| DROPPING scarf of invisibility.
  4628 | D:5      | 4628 ||| DROPPING +6 leather armour of Absence {Drain Fly
                  | Int+5 SInv}.
  4629 | D:5      | 4629 ||| UPGRADING to +1 cloak.
  4634 | D:5      | 4634 ||| READING 2 scrolls labelled VYLEDD XITY MUD.
  4635 | D:5      | 4635 ||| READING 3 scrolls labelled HUINNI SENUKK.
  4636 | D:5      | 4636 ||| READING scroll labelled KOFURGH FERO.
  4637 | D:5      | 4637 ||| DRINKING 2 pink potions.
  4638 | D:5      | 4638 ||| READING 4 scrolls of identify.
  4638 | D:5      | 4638 ||| IDENTIFYING emerald potion
  4639 | D:5      | 4639 ||| DROPPING scroll of noise.
  4640 | D:5      | 4640 ||| DROPPING 2 scrolls of poison.
  4729 | D:6      | 4729 ||| INVOKING Heroism.
  4777 | D:6      | 4777 ||| INVOKING Heroism.
  4835 | D:6      | 4835 ||| INVOKING Heroism.
  4992 | D:6      | Noticed Eustachio
  4993 | D:6      | 4993 ||| INVOKING Heroism.
  5009 | D:6      | Killed Eustachio
  5171 | D:6      | 5171 ||| INVOKING Heroism.
  5209 | D:6      | 5209 ||| INVOKING Heroism.
  5212 | D:6      | 5212 ||| DROPPING orb of mayhem.
  5215 | D:6      | 5215 ||| READING 4 scrolls of identify.
  5215 | D:6      | 5215 ||| IDENTIFYING smoky red potion
  5216 | D:6      | 5216 ||| DROPPING potion of ambrosia.
  5234 | D:6      | 5234 ||| INVOKING Heroism.
  5255 | D:6      | 5255 ||| INVOKING Heroism.
  5329 | D:6      | 5329 ||| Stepping ~*~*~tactically~*~*~ (stealth).
  5759 | D:6      | 5759 ||| READING scroll labelled FILEOTITYF.
  5813 | D:7      | Reached XP level 9. HP: 52/54 MP: 12/12
  5822 | D:7      | 5822 ||| Stepping ~*~*~tactically~*~*~ (hiding).
  6002 | D:7      | You fall into a shaft and drop 3 floors!
  6002 | D:10     | Entered Level 10 of the Dungeon
  6004 | D:10     | 6004 ||| Stepping ~*~*~tactically~*~*~ (stealth).
  6011 | D:10     | Noticed a troll
  6014 | D:10     | 6014 ||| INVOKING Heroism.
  6031 | D:10     | Killed a troll
  6037 | D:10     | Reached skill level 6 in Fighting
  6108 | D:9      | Noticed a cyclops
  6109 | D:9      | 6109 ||| Stepping ~*~*~tactically~*~*~ (hiding).
  6116 | D:9      | 6116 ||| INVOKING Heroism.
  6126 | D:9      | Killed a cyclops
  6127 | D:9      | Reached skill level 6 in Armour
  6178 | D:9      | 6178 ||| UPGRADING to +2 heavy war axe.
  6179 | D:9      | 6179 ||| DROPPING +1 war axe.
  6208 | D:9      | 6208 ||| Stepping ~*~*~tactically~*~*~ (stealth).
  6210 | D:9      | 6210 ||| Stepping ~*~*~tactically~*~*~ (hiding).
  6214 | D:9      | 6214 ||| DRINKING 2 potions of curing.
  6214 | D:9      | 6214 ||| (to cure confusion)
  6323 | D:9      | Identified the +9 scimitar of Sahuh {freeze, Int+4}
  6372 | D:9      | 6372 ||| INVOKING Heroism.
  6376 | D:9      | Reached skill level 9 in Axes
  6401 | D:9      | 6401 ||| READING 3 scrolls of identify.
  6401 | D:9      | 6401 ||| IDENTIFYING cyan potion
  6402 | D:9      | 6402 ||| DRINKING potion of experience.
  6402 | D:9      | Reached skill level 11 in Shields
  6402 | D:9      | Reached XP level 10. HP: 60/60 MP: 13/13
  6416 | D:9      | 6416 ||| INVOKING Heroism.
  6416 | D:9      | HP: 12/60 [orc priest/divine providence (16)]
  6417 | D:9      | 6417 ||| READING 3 scrolls of teleportation.
  6418 | D:9      | Killed from afar by an orc priest

Levels and vault maps discovered:
D:1:      dpeg_arrival_simpleton_a, layout_loops_ring, serial_shops,
          shop_fountains, dreamdust_wishing_well
D:2:      layout_basic, nrook_uturn, hangedman_decor_lopped, kennysheep_boxes
D:3:      layout_loops_ring, nemelex_diamond_rough_becter, grunt_qazlal_clouds,
          amcnicky_altar_gilded, basic_ecumenical_altar,
          amcnicky_mini_pool_small
D:4:      layout_rooms, minmay_temple_entry_mist, minmay_increasing_density,
          uniq_duvessa
D:5:      layout_basic, minitemple, mainiacjoe_overflow_boulevard, serial_shops,
          nicolae_shop_tiny_statue_garden, grunt_ministairs_8
D:6:      layout_gridville, nicolae_lava_and_water, uniq_eustachio
D:7:      layout_loops_ring, eino_tiny_chamber
D:9:      layout_rooms, david_orc_4
D:10:     layout_rooms, uniq_snorg, uniq_psyche
Temple:   oiseaux_autumnal_temple

Skill      XL: |  1  2  3  4  5  6  7  8  9 |
---------------+----------------------------+-----
Axes           | 2 3 4 5 7 9 |  9.1
Throwing       | 3 |  3.1
Fighting       | 4 5 6 |  6.2
Dodging        | 1 |  1.7
Invocations    | 3 4 |  4.1
Armour         | 5 6 |  6.9
Shields        | 11 | 11.9

Action                     |  1- 3 |  4- 6 |  7- 9 | 10-12 || total
---------------------------+-------+-------+-------+-------++-------
  Melee: War axe           |   117 |    89 |   198 |     9 ||   413
  Throw: Javelin           |       |    29 |    23 |       ||    52
         Boomerang         |       |       |     2 |     2 ||     4
 Invoke: Heroism           |       |       |    12 |     1 ||    13
    Use: Scroll            |     3 |     4 |    10 |     1 ||    18
         Potion            |       |       |     3 |       ||     3
 Armour: Scale mail        |    45 |    52 |       |       ||    97
         Leather armour    |       |       |    32 |       ||    32
         Plate armour      |       |       |   163 |    13 ||   176
  Dodge: Dodged            |    47 |    42 |   116 |     5 ||   210
  Block: Buckler           |    19 |    15 |    52 |     1 ||    87

Table legend:
 A = Non-vault XP
 B = Vault XP
 C = Vault XP percentage of total XP
 D = Non-vault monster count
 E = Vault monster count
 F = Vault count percentage of total count
                 A         B        C        D         E       F
            +---------+---------+-------+---------+---------+-------
      Total |    3961 |     910 |  18.7 |     103 |      14 |  12.0
            +---------+---------+-------+---------+---------+-------
        D:1 |      44 |       0 |   0.0 |      25 |       0 |   0.0
        D:2 |      26 |       0 |   0.0 |      11 |       0 |   0.0
        D:3 |      33 |       0 |   0.0 |       6 |       0 |   0.0
        D:4 |      25 |     562 |  95.7 |      10 |      11 |  52.4
        D:5 |     439 |     152 |  25.7 |      10 |       2 |  16.7
        D:6 |     856 |     196 |  18.6 |      21 |       1 |   4.5
        D:7 |     144 |       0 |   0.0 |       5 |       0 |   0.0
        D:9 |    1729 |       0 |   0.0 |       8 |       0 |   0.0
       D:10 |     665 |       0 |   0.0 |       7 |       0 |   0.0
            +---------+---------+-------+---------+---------+-------
